 Dungeon Crawl Stone Soup version 0.27-a0-1245-g940ed4fa31 (webtiles) character file.

Game seed: 5162400498607950910

17024 freelancePsychic the Martial Artist (level 12, -12/97 HPs)
             Began as a Demonspawn Necromancer on June 10, 2021.
             Was an Elder of Ru.
             Killed from afar by Azrael (20 damage)
             ... with a bolt of fire
             ... on level 1 of the Orcish Mines.
             The game lasted 00:35:36 (18657 turns).

freelancePsychic the Martial Artist (DsNe)         Turns: 18657, Time: 00:35:37

Health: -12/97     AC:  9    Str: 13    XL:     12   Next: 15%
Magic:  0/15       EV: 15    Int: 16    God:    Ru [****..]
Gold:   576        SH:  5    Dex: 15    Spells: 11/15 levels left

rFire    . . .     SeeInvis .     - Unarmed
rCold    x . .     Faith    +   E - +0 buckler
rNeg     . . .     Spirit   +   I - +0 acid dragon scales
rPois    .         Reflect  .   (helmet restricted)
rElec    .         Harm     .   s - +2 cloak
rCorr    +         Rampage  .   (no gloves)
Will     +....                  (no boots)
Stlth    ++........             x - amulet of faith
HPRegen  0.26/turn              j - ring of willpower
MPRegen  0.28/turn              z - ring of protection from fire

@: mighty, exhausted, about to teleport, unable to drink
A: no potions, claws 2, horns 1, talons 2, magic shield, magic regeneration,
inability to drink while threatened, no hexes magic, no necromancy magic, no
poison magic, temperature sensitive
a: Renounce Religion, Draw Out Power, Power Leap


You were on level 1 of the Orcish Mines.
You worshipped Ru.
Ru was greatly pleased with you.
You visited 2 branches of the dungeon, and saw 12 of its levels.
You visited 1 bazaar.

You collected 1100 gold pieces.
You spent 524 gold pieces at shops.

Inventory:

Hand Weapons
 b - a +3 short sword of venom
Missiles
 n - 2 boomerangs of dispersal
 t - a curare-tipped dart
Armour
 a - a +0 robe
 c - a +0 helmet
 s - a +2 cloak (worn)
 E - a +0 buckler (worn)
 I - +0 acid dragon scales (worn)
Jewellery
 g - an amulet of reflection
 j - a ring of willpower (left claw)
 x - an amulet of faith (around neck)
 z - a ring of protection from fire (right claw)
 A - the amulet of the Air {Inacc Air Fly rElec RMsl}
   (You found it on level 7 of the Dungeon)

   [amulet of nothing]

   It insulates you from electricity.
   It grants you flight.
   It protects you from missiles.
Wands
 r - a wand of iceblast (5)
 B - a wand of flame (39)
Scrolls
 h - a scroll of immolation
 o - 2 scrolls of amnesia
 p - 2 scrolls of noise
 q - 3 scrolls of teleportation {@r4}
 u - 2 scrolls of magic mapping
 y - 4 scrolls of enchant armour
 D - a scroll of holy word
 H - a scroll of enchant weapon
 J - a scroll of summoning
 K - a scroll of fog
Potions
 d - 3 potions of might
 e - 2 potions of lignification {unknown}
 f - 9 potions of curing {@q1}
 i - 2 potions of cancellation {unknown}
 k - 3 potions of brilliance
 l - 2 potions of attraction {unknown}
 m - 2 potions of heal wounds {unknown}
 v - a potion of invisibility {unknown}
 w - a potion of resistance {unknown}
 F - 4 potions of haste {unknown}
 G - a potion of degeneration {unknown}
 L - 2 potions of experience {unknown}


   Skills:
 + Level 10.1 Fighting
 - Level 1.0 Short Blades
 - Level 2.8 Armour
 + Level 9.0 Dodging
 - Level 1.7 Stealth
 - Level 4.0 Shields
 + Level 11.9 Unarmed Combat
 - Level 2.0 Spellcasting


You had 11 spell levels left.
You knew the following spells:

 Your Spells              Type           Power      Damage    Failure   Level
a - Pain                  Necr           4%         1d4       30%         1
b - Vampiric Draining     Necr           0%         2d6       65%         3

Your spell library contained the following spells:

 Spells                   Type           Power      Damage    Failure   Level
 Foxfire                  Conj/Fire      4%         2x1d4     30%         1
 Magic Dart               Conj           4%         1d3       30%         1
 Searing Ray              Conj           2%         3d3       41%         2
 Conjure Flame            Conj/Fire      1%         6-21      65%         3
 Iskenderun's Mystic Bla  Conj/Tloc      1%         2d3       96%         4
 Sticky Flame             Conj/Fire      1%         2d3       96%         4
 Fireball                 Conj/Fire      0%         3d3       100%        5
 Conjure Ball Lightning   Conj/Air       0%         3x3d6     100%        6
 Dragon's Call            Summ           0%         N/A       100%        9
 Animate Skeleton         Necr           Unusable   N/A       N/A         1
 Dazzling Flash           Conj/Hex       Unusable   N/A       N/A         3
 Inner Flame              Hex/Fire       Unusable   N/A       N/A         3
 Animate Dead             Necr           Unusable   N/A       N/A         4
 Dispel Undead            Necr           Unusable   3d6       N/A         4
 Fulminant Prism          Conj/Hex       Unusable   3d6       N/A         4
 Agony                    Necr           Unusable   N/A       N/A         5
 Silence                  Hex/Air        Unusable   N/A       N/A         5

Dungeon Overview and Level Annotations

Branches:
Dungeon (10/15)            Temple (0/1) D:5             Orc (2/2) D:10
    Elf (0/3) Orc:2
   Lair: D:8-11

Altars:
Ashenzari
Cheibriados
Elyvilon
Fedhas
Hepliaklqana
Makhleb
Qazlal
Ru
Wu Jian
Zin

Shops:
D:6 (   Orc:1 =

Annotations:
D:8 3 runed translucent doors, iNFECTIOUSiTCH's ghost, novice OpBr
Orc:1 Azrael


Innate Abilities, Weirdness & Mutations

You cannot drink.
You have very sharp fingernails.
You have a pair of small horns on your head.
You have razor-sharp toenails.
When hurt, damage is shared between your health and your magic reserves.
You regenerate magic rapidly.
You sometimes lose the ability to drink potions when taking damage.
You cannot study or cast Hexes magic.
You cannot study or cast Necromancy magic.
You cannot study or cast Poison magic.
You are sensitive to extremes of temperature. (rF-, rC-)


Message History

A hell hound comes into view.
The fire elemental hits you. The fire elemental burns you!
You feel threatened and lose the ability to drink potions!
The hell hound breathes flames at you.
The blast of flame hits the fire elemental.
The fire elemental completely resists.
The blast of flame misses you.
Azrael's eyes look fiery.
Azrael hits you with a +2 scimitar of flaming!
Azrael burns you.
The hell hound barks!
You hear a bark!
You claw Azrael! You claw Azrael, but do no damage.
Azrael is lightly wounded.
The fire elemental hits you. The fire elemental burns you!
The hell hound closely misses you. The fire elemental hits you.
The fire elemental burns you! Azrael gestures at you.
The sticky flame hits you!
You are covered in liquid flames!
You focus your inner power and blind Azrael in retribution!
The hell hound completely misses you. The fire elemental misses you.
You climb upwards.
You are covered in liquid flames!
* * * LOW HITPOINT WARNING * * *
There is a stone staircase leading down here.
Aiming: Power Leap
Press: ? - help, Dir - move target You are covered in liquid flames!
* * * LOW HITPOINT WARNING * * *
You are no longer on fire.
Azrael misses you. You block the hell hound's attack.
As you read the scroll of teleportation {@r4}, it crumbles to dust.
You feel strangely unstable. The hell hound misses you.
Azrael closely misses you. The fire elemental hits you.
The fire elemental burns you!
* * * LOW HITPOINT WARNING * * *
The hell hound barely misses you.
Azrael is no longer blind.
Azrael gestures at you. The bolt of fire hits you!!
You die...

##.##.......##....#.##.##.
###........###...#####.### ###
##..........#.#....# #...#.
##.##
#.................####.....
#...#
##.....>.........#.#.#..##.
##..##
##...........#..........## #...#
##..........##.#........# ##..##
##.#..............#...#. #...#
##....@...........###.# ##.##
###.....E......#.....#...
##.####.......○hR.....##....#.#
#...##........○>.......###.####
##...#................#......##
##.#..##.......#................
#...........#..#.....#..........
##.##..#............##.....#....
####...###.........[.∩.....)...


You could see Azrael, a fire elemental and a hell hound.

Vanquished Creatures
  Josephine (Orc:1)
  2 two-headed ogres (D:9)
  A tengu warrior (D:8)
  3 orc high priests
  A deep elf zephyrmancer (D:10)
  A gargoyle (D:8)
  A tengu conjurer (D:9)
  4 trolls
  5 wraiths
  A vampire (D:10)
  A steam dragon (D:8)
  22 yaks
  3 wargs
  2 acid dragons
  3 water moccasins
  3 sky beasts (D:7)
  2 black bears
  An ice beast (D:7)
  12 orc warriors
  8 ogres
  2 centaurs
  2 kobold brigands
  2 phantoms (D:6)
  3 bullfrogs
  2 gnoll sergeants
  3 scorpions
  A wyvern zombie (D:7)
  9 killer bees
  A water moccasin skeleton (D:7)
  A wyvern skeleton (D:5)
  4 howler monkeys
  3 centaur zombies
  2 hounds
  A bullfrog skeleton (D:7)
  A gnoll shaman (D:8)
  13 orc priests
  2 jellies
  7 iguanas
  9 orc wizards
  A killer bee zombie (D:7)
  A hound skeleton (D:5)
  A howler monkey skeleton (D:6)
  6 adders
  16 gnolls
  2 worms
  An adder skeleton (D:4)
  2 dart slugs (D:5)
  54 orcs
  4 endoplasms
  4 giant cockroaches
  8 hobgoblins
  3 jackals (D:2)
  A quokka (D:2)
  4 ball pythons
  4 bats (D:1)
  3 frilled lizards
  4 goblins
  17 kobolds
  9 rats
290 creatures vanquished.

Vanquished Creatures (others)
  A wizard (D:10)
  A deep elf pyromancer (D:8)
  2 trolls (D:10)
  An orc (D:9)
  A plant (D:1)
  3 withered plants (D:1)
9 creatures vanquished.

Grand Total: 299 creatures vanquished

Notes
Turn   | Place    | Note
-------+----------+-------------------------------------------
     0 | D:1      | freelancePsychic the Demonspawn Necromancer began the quest
                  | for the Orb.
     0 | D:1      | Reached XP level 1. HP: 13/13 MP: 3/3
   454 | D:1      | Gained mutation: You have sharp fingernails. [demonic
                  | ancestry]
   454 | D:1      | Reached XP level 2. HP: 19/20 MP: 5/5
   458 | D:1      | Reached skill level 1 in Short Blades
   463 | D:1      | Reached skill level 1 in Fighting
   793 | D:1      | Found a faded altar of an unknown god.
   954 | D:1      | Reached skill level 1 in Unarmed Combat
  1315 | D:1      | Reached XP level 3. HP: 17/26 MP: 6/6
  2041 | D:2      | Reached skill level 2 in Unarmed Combat
  2277 | D:2      | Reached XP level 4. HP: 16/33 MP: 1/7
  4004 | D:5      | Entered Level 5 of the Dungeon
  4209 | D:4      | Gained mutation: You have sharp toenails. [demonic
                  | ancestry]
  4209 | D:4      | Reached XP level 5. HP: 33/39 MP: 5/8
  4269 | D:4      | Found a blossoming altar of Fedhas.
  4277 | D:4      | Reached skill level 3 in Unarmed Combat
  4958 | D:4      | Found a sacrificial altar of Ru.
  5082 | D:4      | Became a worshipper of Ru the Awakened
  5144 | D:5      | Reached XP level 6. HP: 26/47 MP: 9/9
  5621 | D:5      | Reached skill level 4 in Unarmed Combat
  5925 | D:5      | Found a staircase to the Ecumenical Temple.
  5997 | D:5      | Gained mutation: You regenerate magic rapidly. [demonic
                  | ancestry]
  5997 | D:5      | Reached XP level 7. HP: 32/52 MP: 10/10
  6450 | D:5      | Reached skill level 5 in Unarmed Combat
  6658 | D:5      | Learned a level 3 spell: Vampiric Draining
  7011 | D:6      | Gained mutation: You have very sharp fingernails. [demonic
                  | ancestry]
  7011 | D:6      | Reached XP level 8. HP: 53/61 MP: 11/11
  7074 | D:6      | Reached skill level 6 in Unarmed Combat
  7532 | D:6      | Identified the +8 flail "Beq Mots" {speed, rElec rPois
                  | Dex+3}
  7557 | D:6      | Found an ornate altar of the Wu Jian Council.
  7557 | D:6      | Found a faded altar of an unknown god.
  7566 | D:6      | Gained mutation: You are sensitive to extremes of
                  | temperature. (rF-, rC-) [Ru sacrifice]
  7566 | D:6      | Reached * piety under Ru
  7566 | D:6      | Reached ** piety under Ru
  7625 | D:6      | Reached skill level 5 in Fighting
  7642 | D:6      | Reached skill level 5 in Dodging
  7642 | D:6      | Reached skill level 7 in Unarmed Combat
  7855 | D:6      | Found a burning altar of Makhleb.
  7859 | D:6      | Found a faded altar of an unknown god.
  8088 | D:6      | Found Leacezup's Antique Weapon Emporium.
  8304 | D:6      | Gained mutation: When hurt, damage is shared between your
                  | health and your magic reserves. [demonic ancestry]
  8304 | D:6      | Reached XP level 9. HP: 63/69 MP: 3/12
  8965 | D:7      | Found the amulet of the Air {Inacc Air Fly rElec RMsl}
  9001 | D:7      | Reached skill level 8 in Unarmed Combat
  9487 | D:7      | Noticed a gargoyle
  9487 | D:7      | Noticed a cyan ugly thing
  9617 | D:7      | Reached skill level 9 in Unarmed Combat
  9897 | D:7      | Found a stormy altar of Qazlal.
  9965 | D:7      | Noticed a two-headed ogre
 10374 | D:8      | Noticed a deep elf pyromancer
 10389 | D:8      | Killed a deep elf pyromancer
 10390 | D:8      | Gained mutation: You have razor-sharp toenails. [demonic
                  | ancestry]
 10390 | D:8      | Reached XP level 10. HP: 53/79 MP: 4/13
 10611 | D:8      | Noticed a gargoyle
 10627 | D:8      | Killed a gargoyle
 11370 | D:8      | Reached skill level 10 in Unarmed Combat
 11746 | D:9      | Gained mutation: You cannot study or cast Poison magic. [Ru
                  | sacrifice]
 11746 | D:9      | Gained mutation: You cannot study or cast Hexes magic. [Ru
                  | sacrifice]
 11746 | D:9      | Gained mutation: You cannot study or cast Necromancy magic.
                  | [Ru sacrifice]
 11746 | D:9      | Reached *** piety under Ru
 11912 | D:9      | Noticed a two-headed ogre
 11920 | D:9      | Killed a two-headed ogre
 12154 | D:9      | Noticed a two-headed ogre
 12187 | D:9      | Killed a two-headed ogre
 12387 | D:9      | Noticed a tengu warrior
 12655 | D:8      | Found a runed translucent gate.
 12655 | D:8      | Found a runed translucent gate.
 12655 | D:8      | Found a runed translucent gate.
 12655 | D:8      | Noticed iNFECTIOUSiTCH's ghost (novice OpBr)
 12676 | D:8      | Found a snail-covered altar of Cheibriados.
 12676 | D:8      | Found a hazy altar of Hepliaklqana.
 12676 | D:8      | Found a broken altar of Ashenzari.
 12789 | D:8      | Gained mutation: You have a pair of small horns on your
                  | head. [demonic ancestry]
 12789 | D:8      | Reached XP level 11. HP: 64/84 MP: 12/14
 12980 | D:8      | Reached skill level 11 in Unarmed Combat
 13115 | D:8      | Killed a tengu warrior
 13507 | D:9      | Reached skill level 1 in Shields
 13876 | D:9      | Gained mutation: You sometimes lose the ability to drink
                  | potions when taking damage. [Ru sacrifice]
 13876 | D:9      | Reached **** piety under Ru
 13924 | D:10     | Entered Level 10 of the Dungeon
 14528 | D:10     | Found a staircase to the Orcish Mines.
 14736 | D:10     | Reached skill level 1 in Armour
 14900 | D:10     | Noticed a deep elf zephyrmancer
 14901 | D:10     | Noticed a deep elf pyromancer
 14903 | D:10     | Killed a deep elf zephyrmancer
 14906 | D:10     | Noticed a deep elf zephyrmancer
 14956 | D:10     | Noticed a wizard
 14971 | D:10     | Killed a wizard
 15005 | D:10     | Identified the Volume of Axaxaxas mlö
 15012 | D:10     | Identified Dyiqaliu's Volume of Combed Thunderclap
 15149 | D:10     | Identified the Volume of Dhcmrlchtdj
 15492 | Orc:1    | Entered Level 1 of the Orcish Mines
 15492 | Orc:1    | Found Piziburph's Jewellery Shoppe.
 15500 | Orc:1    | Noticed an orc high priest
 16181 | Orc:1    | Noticed an orc high priest
 16614 | Orc:1    | Noticed a soul eater
 16815 | Orc:1    | Noticed an orc high priest
 17030 | D:10     | Killed an orc high priest
 17108 | Orc:1    | Noticed a sixfirhy
 17170 | D:10     | Killed an orc high priest
 17227 | Orc:1    | Killed an orc high priest
 17541 | Orc:1    | Reached XP level 12. HP: 97/97 MP: 15/15
 17556 | Orc:1    | Noticed Josephine
 17870 | Orc:1    | Killed Josephine
 17871 | Orc:1    | Reached skill level 10 in Fighting
 18160 | Orc:2    | Entered Level 2 of the Orcish Mines
 18183 | Orc:2    | Found a flickering gateway to a bazaar.
 18231 | Orc:2    | Noticed Azrael
 18238 | Bazaar   | Entered a bazaar
 18238 | Bazaar   | Found Iptiduci's Antique Weapon Boutique.
 18529 | Bazaar   | Found Unirap's Armour Shop.
 18552 | Bazaar   | Found Eluvingir's Magic Scroll Shop.
 18570 | Bazaar   | Found Zafruwi's Jewellery Shop.
 18578 | Bazaar   | Bought a ring of protection from fire for 375 gold pieces
 18622 | Bazaar   | Bought a scroll of identify for 26 gold pieces
 18622 | Bazaar   | Bought a scroll of magic mapping for 45 gold pieces
 18622 | Bazaar   | Bought a scroll of teleportation for 39 gold pieces
 18622 | Bazaar   | Bought a scroll of teleportation for 39 gold pieces
 18657 | Orc:1    | Killed from afar by Azrael

Illustrated notes

Levels and vault maps discovered:
D:1:      beargit_arrival_greenhouse, layout_loops_ring,
          shapermc_ecumenical_altar_flowoftime, minmay_hexomino_f4
D:2:      layout_basic
D:3:      layout_loops_corners
D:4:      layout_basic, hangedman_ru_absence,
          chequers_temple_overflow_statue_of_worship, hex_tiny
D:5:      cheibrodos_quashed, layout_gridville, minmay_temple_entry_water_ring
D:6:      layout_loops_ring, chequers_temple_overflow_minitemple, serial_shops,
          shop
D:7:      layout_cave_pools, nicolae_qazlal_eye_of_the_storm,
          minmay_the_grid_2x2 [minmay_the_grid_small_cups,
          minmay_the_grid_rooms, minmay_the_grid_minigrid_small_alt,
          minmay_the_grid_prize_shrinking_boxes]
D:8:      minmay_distorted_concentric_squares, layout_loops_ring,
          gammafunk_temple_overflow_claw, ebering_ghost_rock_garden,
          grunt_ministairs_4, wad_rectangle_vault
D:9:      layout_long_grid, serial_park_tiny_2
D:10:     layout_basic, orc_0_dummy, minmay_misc_feat_more_columns,
          bh_hangedman_babel_library
Orc:1:    layout_caves, serial_shops, shop, uniq_josephine
Orc:2:    st_orc_rangers, layout_diamond_mine, serial_shops, bzr_entry_lakeside,
          uniq_azrael

Skill      XL: |  1  2  3  4  5  6  7  8  9 10 11 12 |
---------------+-------------------------------------+-----
Short Blades   | 1 |  1.0
Fighting       | 1 2 3 4 5 7 8 9 10 | 10.1
Unarmed Combat | 1 2 3 4 5 7 9 10 11 | 11.9
Dodging        | 2 3 4 5 6 7 8 9 |  9.0
Necromancy     | 0 |  0.0
Shields        | 4 |  4.0
Armour         | 2 |  2.8
Stealth        | |  1.7
Spellcasting   | |  2.0

Action                   |  1- 3 |  4- 6 |  7- 9 | 10-12 || total
-------------------------+-------+-------+-------+-------++-------
Melee: Short sword       |    76 |    77 |    26 |       ||   179
       Unarmed           |     1 |    26 |   223 |   582 ||   832
       Kick              |       |    19 |    68 |   144 ||   231
       Punch             |       |     1 |     8 |     6 ||    15
       Headbutt          |       |       |       |    68 ||    68
 Cast: Pain              |    30 |    34 |    55 |     9 ||   128
       Vampiric Draining |       |       |    29 |     5 ||    34
Invok: Sacrifice Resista |       |       |     1 |       ||     1
       Draw Out Power    |       |       |       |     6 ||     6
       Sacrifice Arcana  |       |       |       |     1 ||     1
       Power Leap        |       |       |       |     4 ||     4
       Sacrifice Drink   |       |       |       |     1 ||     1
  Use: Potion            |     1 |       |       |     2 ||     3
       Scroll            |       |     7 |     1 |    14 ||    22
 Stab: Sleeping          |     5 |     2 |       |     2 ||     9
       Distracted        |     1 |       |     1 |     3 ||     5
       Invisible         |       |       |     1 |     5 ||     6
Armor: Robe              |    18 |    22 |    53 |    12 ||   105
       Ring mail         |       |       |       |     8 ||     8
       Acid dragon scale |       |       |       |    98 ||    98
Dodge: Dodged            |    48 |    64 |   112 |   346 ||   570
Block: Other             |       |     9 |    46 |    15 ||    70
       Reflection        |       |       |     4 |     1 ||     5
       Buckler           |       |       |       |    69 ||    69

Table legend: (Time is in decaauts)
 A = Elapsed time spent in this place.
 B = Non-inter-level travel time spent in this place.
 C = Inter-level travel time spent in this place.
 D = Time resting spent in this place.
 E = Time spent auto-exploring this place.
 F = Levels seen in this place.
 G = Mean time per level.
                   A        B        C        D        E       F      G
               +--------+--------+--------+--------+--------+-----+--------+
         Total |  18555 |  18231 |    324 |   4179 |  11340 |  13 | 1427.3 |
       Dungeon |  17333 |  17019 |    314 |   3824 |  10833 |  10 | 1733.3 |
  Orcish Mines |    828 |    818 |     10 |     70 |    453 |   2 |  414.0 |
        Bazaar |    394 |    394 |      0 |    285 |     54 |   1 |  394.0 |
               +--------+--------+--------+--------+--------+-----+--------+

Top non-repeatable levels by time:
    D:10: 3472 daAuts
     D:8: 2227 daAuts
     D:5: 1798 daAuts
     D:9: 1685 daAuts
     D:6: 1601 daAuts
     D:1: 1594 daAuts
     D:7: 1336 daAuts
     D:3: 1254 daAuts
     D:4: 1223 daAuts
     D:2: 1139 daAuts
   Orc:1: 734 daAuts
  Bazaar: 394 daAuts
   Orc:2: 93 daAuts
